 Dungeon Crawl Stone Soup version 0.31-a0-234-gad7ace16ef (webtiles) character file.

Game seed: 1058891878629799056

63 qw the Shooter (level 4, -5/26 HPs)
             Began as a Gargoyle Hexslinger on July 9, 2023.
             Killed from afar by Terence (8 damage)
             ... with a puff of flame
             ... on level 2 of the Dungeon.
             The game lasted 00:00:38 (1558 turns).

qw the Shooter (Gargoyle Hexslinger)                Turns: 1558, Time: 00:00:39

Health: -5/26      AC:  8    Str: 12    XL:     4   Next: 9%
Magic:  5/5        EV: 10    Int: 13    God:
Gold:   59         SH:  0    Dex: 14    Spells: 4/5 levels left

rFire   . . .        Y - +1 sling
rCold   . . .        (no shield)
rNeg    + . .        e - +0 ring mail
rPois   inf          (no helmet)
rElec   +            (no cloak)
rCorr   .            (no gloves)
SInv    .            (no boots)
Will    .....        (no amulet)
Stlth   +            (no ring)
HPRegen 0.24/turn    (no ring)
MPRegen 0.09/turn

%: no passive effects
@: no status effects
A: sickness immunity, AC +3, negative energy resistance 1, electricity
resistance, torment resistance 1, petrification resistance
a: no special abilities


You were on level 2 of the Dungeon.
You visited 1 branch of the dungeon, and saw 2 of its levels.

You collected 59 gold pieces.


Innate Abilities, Weirdness & Mutations

You are immune to sickness and miasma.
Your stone body is resilient. (AC +3)
You are immune to poison.
You resist negative energy. (rN+)
You are resistant to electric shocks. (rElec)
You are resistant to unholy torment.
You are immune to petrification.


   Skills:
 - Level 2.0 Fighting
 + Level 3.9 Ranged Weapons
 - Level 1.5 Dodging
 - Level 1.0 Spellcasting
 - Level 2.6 Hexes


You had 4 spell levels left.
You knew the following spells:

 Your Spells              Type           Power      Damage    Failure   Level
a - Slow                  Hex            28%        N/A       22%         1

Your spell library contained the following spells:

 Spells                   Type           Power      Damage    Failure   Level
 Inner Flame              Hex/Fire       4%         N/A       73%         3
 Portal Projectile        Hex/Tloc       8%         N/A       73%         3
 Cause Fear               Hex            3%         N/A       91%         4

Inventory:

Hand Weapons
 Y - a +1 sling (weapon)
Armour
 e - a +0 ring mail (worn)
Scrolls
 a - 3 scrolls of identify
 b - a scroll of fog {unknown}
 f - a scroll of blinking {unknown}
Potions
 c - a potion of lignification {unknown}
 d - 3 potions of curing
 j - a potion of degeneration {unknown}

Dungeon Overview and Level Annotations

Branches:
Dungeon (2/15)

Altars:
Makhleb

Annotations:
D:2 Terence


Message History

You shoot a sling bullet. The sling bullet barely misses Terence.
You shoot a sling bullet. The sling bullet hits Terence.
Terence is moderately wounded.
Terence zaps a wand.
The puff of flame hits you.
You shoot a sling bullet. The sling bullet barely misses Terence.
You shoot a sling bullet.
The sling bullet closely misses Terence.
You shoot a sling bullet.
The sling bullet hits Terence but does no damage.
Terence is moderately wounded.
Terence zaps a wand.
The puff of flame hits you!
You shoot a sling bullet. The sling bullet hits Terence.
Terence is moderately wounded.
Terence zaps a wand.
The puff of flame hits you.
You shoot a sling bullet. The sling bullet hits Terence.
Terence is heavily wounded.
Terence closely misses you.
You shoot a sling bullet.
The sling bullet hits Terence but does no damage.
Terence is heavily wounded.
Terence barely misses you. Terence hits you but does no damage.
You shoot a sling bullet. The sling bullet hits Terence.
Terence is severely wounded.
Terence barely misses you.
You shoot a sling bullet.
The sling bullet closely misses Terence.
Terence hits you with a +0 short sword of draining.
You shoot a sling bullet.
The sling bullet hits Terence but does no damage.
Terence is severely wounded.
Terence hits you with a +0 short sword of draining.
Terence looks scornfully at you.
Terence hits you with a +0 short sword of draining.
You shoot a sling bullet. The sling bullet hits Terence.
Terence is severely wounded.
Terence closely misses you.
You shoot a sling bullet. The sling bullet barely misses Terence.
Terence shouts, "Now you die!"
Terence zaps a wand.
The puff of flame hits you!
You die...

##### ######### #### .....####
#...#...# #... ........#
#...#...# ####.## ........#
#...#...######.....# ........#
#..................#
#....###..@................
.####........@...............#.
.........................#####.
............%..################
...............##...|..........
.................##..............
.................##..............
#...........>....##......>.......
....>.%.........##..........####


You could see Terence.

Vanquished Creatures
  An adder (D:2)
  2 dart slugs (D:1)
  5 bats
  3 endoplasms
  5 giant cockroaches
  3 goblins
  2 hobgoblins (D:1)
  10 jackals (D:1)
  2 quokkas
  3 ball pythons
  3 kobolds (D:1)
  3 rats (D:1)
42 creatures vanquished.

Notes
Turn   | Place    | Note
-------+----------+-------------------------------------------
     0 | D:1      | qw the Gargoyle Hexslinger began the quest for the Orb.
     0 | D:1      | Reached XP level 1. HP: 12/12 MP: 2/2
     0 | D:1      | 0 ||| qw: Version: 0.3-a-51-g015441d
     0 | D:1      | 0 ||| qw: Game counter: 4060
     0 | D:1      | 0 ||| qw: Melee chars always use a shield: true
     0 | D:1      | 0 ||| qw: God list: Okawaru
     0 | D:1      | 0 ||| qw: Allow faded altars: false
     0 | D:1      | 0 ||| qw: Do Orc after clearing Dungeon:15 true
     0 | D:1      | 0 ||| qw: Do second Lair branch before Depths: true
     0 | D:1      | 0 ||| qw: Lair rune preference: random
     0 | D:1      | 0 ||| qw: Goals: Normal
     0 | D:1      | 0 ||| PLANNING D:1-11
   155 | D:1      | Reached XP level 2. HP: 16/16 MP: 3/3
   297 | D:1      | Reached skill level 3 in Ranged Weapons
   470 | D:1      | Reached XP level 3. HP: 21/21 MP: 4/4
   926 | D:1      | 926 ||| UPGRADING to +0 ring mail.
   936 | D:1      | 936 ||| DROPPING +0 robe.
   937 | D:1      | 937 ||| READING scroll labelled BOTEOL INAWAA.
   938 | D:1      | 938 ||| READING scroll labelled JUXUYD EGORUD.
   939 | D:1      | 939 ||| READING scroll labelled GEXAGOJ XI BEGG.
   944 | D:1      | 944 ||| READING scroll labelled ICZENU YXA.
   945 | D:1      | 945 ||| DRINKING 4 fizzy orange potions.
   946 | D:1      | 946 ||| DROPPING scroll of poison.
   997 | D:2      | Found a burning altar of Makhleb.
  1143 | D:2      | Reached XP level 4. HP: 15/26 MP: 5/5
  1228 | D:2      | Noticed Terence
  1242 | D:2      | HP: 3/26 [Terence/puff of flame (8)]
  1243 | D:2      | 1243 ||| READING scroll of teleportation.
  1555 | D:2      | HP: 6/26 [Terence/+0 short sword of draining (4)]
  1558 | D:2      | Killed from afar by Terence

Levels and vault maps discovered:
D:1:      lemuel_arrival_muddy, layout_basic, columned_hall_lemuel
D:2:      minmay_wonky_spiral, layout_basic, basic_altar, uniq_terence

Skill      XL: |  1  2 |
---------------+-------+-----
Ranged Weapons | 3 |  3.9
Fighting       | 2 |  2.0
Dodging        | |  1.5
Spellcasting   | |  1.0
Hexes          | |  2.6

Action                     |  1- 3 |  4- 6 || total
---------------------------+-------+-------++-------
   Fire: Sling             |   134 |    35 ||   169
    Use: Scroll            |     4 |     1 ||     5
         Potion            |     1 |       ||     1
 Armour: Robe              |    41 |       ||    41
         Ring mail         |     8 |     9 ||    17
  Dodge: Dodged            |    57 |    23 ||    80

Table legend:
 A = Non-vault XP
 B = Vault XP
 C = Vault XP percentage of total XP
 D = Non-vault monster count
 E = Vault monster count
 F = Vault count percentage of total count
                 A         B        C        D         E       F
            +---------+---------+-------+---------+---------+-------
      Total |      88 |       2 |   2.2 |      41 |       1 |   2.4
            +---------+---------+-------+---------+---------+-------
        D:1 |      63 |       0 |   0.0 |      33 |       0 |   0.0
        D:2 |      25 |       2 |   7.4 |       8 |       1 |  11.1
            +---------+---------+-------+---------+---------+-------
